 Dungeon Crawl Stone Soup version 0.26-a0-958-gf3041fb45f (webtiles) character file.

Game seed: 8446398052512369155

7 pablito the Grasshopper (level 1, 0/18 HPs)
             Began as a Palentonga Warper on Dec 2, 2020.
             Slain by a kobold
             ... wielding a +0 dagger
              (2 damage)
             ... on level 1 of the Dungeon.
             The game lasted 00:02:29 (155 turns).

pablito the Grasshopper (Palentonga Warper)          Turns: 155, Time: 00:02:30

Health: 0/18       AC:  4    Str: 14    XL:     1   Next: 83%
Magic:  3/3        EV:  9    Int: 13    God:
Gold:   0          SH:  0    Dex:  9    Spells: 4/4 levels left

rFire    . . .     SeeInvis +   f - -3 whip
rCold    . . .     Faith    .   (no shield)
rNeg     . . .     Spirit   .   b - +0 leather armour
rPois    .         Reflect  .   (no helmet)
rElec    .         Harm     .   (no cloak)
rCorr    .         Rampage  .   (no gloves)
MR       .....                  (no barding)
Stlth    +.........             (no amulet)
HPRegen  0.06/turn              (no ring)
MPRegen  0.08/turn              (no ring)

@: no status effects
A: large, rugged brown scales 3, see invisible, deformed body, roll 1, armoured
tail
a: Rolling Charge


You were on level 1 of the Dungeon.
You visited 1 branch of the dungeon, and saw 2 of its levels.

Inventory:

Hand Weapons
 a - a +0 mace
 f - a -3 whip (weapon)
Missiles
 e - 5 boomerangs of dispersal (quivered)
Armour
 b - a +0 leather armour (worn)
 g - a +0 ring mail
Scrolls
 h - 2 scrolls of magic mapping
Potions
 c - a potion of haste {unknown}


   Skills:
 + Level 2.1 Fighting
 + Level 2.1 Maces & Flails
 - Level 0.6 Throwing
 + Level 1.0 Armour
 - Level 1.5 Dodging
 + Level 2.1 Spellcasting
 + Level 3.1 Translocations


You had 4 spell levels left.
You didn't know any spells.
Your spell library contained the following spells:

 Spells                   Type           Power        Failure   Level
 Blink                    Tloc           N/A          13%         2
 Gell's Gravitas          Tloc           #.........   26%         3
 Lesser Beckoning         Tloc           #.........   26%         3
 Teleport Other           Tloc           #.......     26%         3
 Passage of Golubria      Tloc           N/A          65%         4


Dungeon Overview and Level Annotations

Branches:
Dungeon (2/15)

Altars:


Innate Abilities, Weirdness & Mutations

You are completely covered in rugged brown scales. (AC +3, +7% HP)
You have supernaturally acute eyesight. (SInv)
Armour fits poorly on your strangely shaped body.
You can roll at nearby foes to attack.
You have a long armoured tail.


Message History

The goblin shouts!
A rat comes into view.
The goblin moves out of view.
You hit the rat but do no damage. The rat bites you but does no damage.
You barely miss the rat. The rat bites you but does no damage.
Okay, then.
You don't know any spells.
You hit the rat.
You kill the rat!
The kobold barely misses you. The dart slug launches a dart at you.
The slug dart hits you.
* * * LOW HITPOINT WARNING * * *
Your Armour skill increases to level 1!
The goblin closely misses you.
You see here a rat corpse.
You hit the dart slug.
The dart slug is moderately wounded.
The goblin barely misses you. The kobold hits you with a +0 dagger.
You die...

*,*,,*****#..(
##****,*,,* #..K
#.,,,,,,,,######...
**##.****>,,,........(
*,,..,,,,,,,,#.####.#.
*,*#.***#.****,* ###.
##.##.####.* *,* #.
#....gw..#.####+######.
*****#@#.#.............
#K#,..............
#.####..K.........
#.K.K'............
######...........?
#............
#..[.........
#...........#
#...........#


You could see a dart slug, a goblin and 2 kobolds.

Vanquished Creatures
  A leopard gecko (D:1)
  A goblin (D:1)
  2 frilled lizards (D:1)
  3 rats (D:1)
7 creatures vanquished.

Notes
Turn   | Place    | Note
-------+----------+-------------------------------------------
     0 | D:1      | pablito the Palentonga Warper began the quest for the Orb.
     0 | D:1      | Reached XP level 1. HP: 18/18 MP: 3/3
    88 | D:1      | You fall into a shaft and drop 1 floor!
   154 | D:1      | Reached skill level 1 in Armour
   155 | D:1      | Slain by a kobold

Illustrated notes

Levels and vault maps discovered:
D:1:      dpeg_arrival_refuge, layout_basic
D:2:      layout_loops_ring, lemuel_round_altar

Skill      XL: |  1 |
---------------+----+-----
Armour         | 1 |  1.0
Fighting       | |  2.1
Maces & Flails | |  2.1
Throwing       | |  0.6
Dodging        | |  1.5
Spellcasting   | |  2.1
Translocations | |  3.1

Action                   || total
-------------------------++-------
Melee: Whip              ||    31
       Tailslap          ||     3
       Mace              ||     1
 Abil: Rolling Charge    ||     4
  Use: Scroll            ||     3
Armor: Leather armour    ||    12
Dodge: Dodged            ||    21

Table legend: (Time is in decaauts)
 A = Elapsed time spent in this place.
 B = Non-inter-level travel time spent in this place.
 C = Inter-level travel time spent in this place.
 D = Time resting spent in this place.
 E = Time spent auto-exploring this place.
 F = Levels seen in this place.
 G = Mean time per level.
                   A        B        C        D        E       F      G
               +--------+--------+--------+--------+--------+-----+--------+
         Total |    155 |    155 |      0 |      0 |     65 |   2 |   77.5 |
       Dungeon |    155 |    155 |      0 |      0 |     65 |   2 |   77.5 |
               +--------+--------+--------+--------+--------+-----+--------+

Top non-repeatable levels by time:
     D:1: 151 daAuts
     D:2: 3 daAuts
